 Dungeon Crawl Stone Soup version 0.31-a0-851-g7ff8af7976 (webtiles) character file.

Game seed: 1218116543491009975

23 Dirtsage the Ruffian (level 2, 0/18 HPs)
             Began as an Octopode Shapeshifter on Oct 7, 2023.
             Slain by a worm (10 damage)
             ... on level 2 of the Dungeon.
             The game lasted 00:00:54 (709 turns).

Dirtsage the Ruffian (Octopode Shapeshifter)         Turns: 709, Time: 00:00:55

Health: 0/18       AC:  1    Str: 13    XL:     2   Next: 95%
Magic:  2/2        EV: 13    Int: 12    God:
Gold:   51         SH:  0    Dex: 11    Spells: 1/1 levels left

rFire   . .          .
                       - Unarmed
rCold   . . .        (no shield)
rNeg    . . .        (helmet currently unavailable)
rPois   .            (no amulet)
rElec   .            (no ring)
rCorr   .            (no ring)
SInv    .            (no ring)
Will    .....        (no ring)
Stlth   ++           (no ring)
HPRegen 0.23/turn    (no ring)
MPRegen 0.08/turn    (no ring)
                     (no ring)

%: no passive effects
@: beast-form
A: beast (slay +1), almost no armour, amphibious, 8 rings, camouflage 1,
gelatinous body 1, (nimble swimmer 1), tentacles
a: Begin Untransformation


You were on level 2 of the Dungeon.
You were a hulking beast.
You visited 1 branch of the dungeon, and saw 2 of its levels.

You collected 51 gold pieces.

Inventory:

Talismans
 b - a beast talisman (active)
 c - a flux talisman
Scrolls
 d - a scroll of torment {unknown}
 e - 2 scrolls of identify {unknown}
 f - a scroll of enchant weapon {unknown}
 g - a scroll of teleportation {unknown}
 h - a scroll of noise {unknown}
 i - a scroll of fear {unknown}
 l - a scroll of fog {unknown}
Potions
 a - a potion of lignification
 j - a potion of invisibility {unknown}
 k - 2 potions of experience {unknown}


   Skills:
 - Level 1.0 Fighting
 - Level 2.0 Dodging
 + Level 4.0 Unarmed Combat
 - Level 3.0 Shapeshifting


You had one spell level left.
You didn't know any spells.
Your spell library was empty.

Dungeon Overview and Level Annotations

Branches:
Dungeon (2/15)

Altars:


Innate Abilities, Weirdness & Mutations

You are a hulking beast.
Your limbs bulge with bestial killing power. (Slay +1)
You cannot wear most types of armour.
You are amphibious.
You can wear up to eight rings at the same time.
Your skin changes colour to match your surroundings (Stealth+).
Your rubbery body absorbs attacks. (AC +1, EV +1)
((You are camouflaged when in or above water. (Stealth+)))
You have tentacles for arms and can constrict up to eight enemies at once.


Message History

There is an open door here.
A quokka comes into view.
Health restored: 18 You barely miss the quokka.
You grab the quokka.
You squeeze the quokka, but do no damage.
You constrict the quokka. The quokka misses you.
You barely miss the quokka. You squeeze the quokka.
The quokka is almost dead.
You constrict the quokka, but do no damage.
The quokka barely misses you.
You tentacle-slap the quokka.
You kill the quokka!
No target in view!
A goblin comes into view. It is wielding a +0 dagger.
You see here a quokka corpse.
The goblin hits you with a +0 dagger.
You take 2 damage, and have 16/18 hp.
You tentacle-slap the goblin. Your grab misses the goblin.
The goblin is heavily wounded.
The goblin misses you.
You tentacle-slap the goblin.
You kill the goblin!
No target in view!
A worm comes into view.
Health restored: 18 A worm is nearby!
The worm bites you!
You take 8 damage, and have 10/18 hp.
MASSIVE DAMAGE!!
You are too injured to fight recklessly!
You are too injured to fight recklessly!
You are too injured to fight recklessly!
You are too injured to fight recklessly!
You tentacle-slap the worm. You grab the worm.
The worm is lightly wounded.
You constrict the worm.
You tentacle-slap the worm but do no damage.
The worm is moderately wounded.
You constrict the worm. The worm bites you!
Ouch! That really hurt!
You die...

##'## #.# #.# ###
#.# ##.## #####.†.##
..........########
######...#.)......
#.######..##.#######
......wh.....#
#.######.##### #.#
..# ####


You could see a worm.

Vanquished Creatures
  2 giant cockroaches (D:1)
  2 goblins (D:2)
  2 hobgoblins (D:1)
  2 jackals (D:1)
  3 kobolds (D:1)
  2 quokkas
  2 ball pythons (D:1)
  4 frilled lizards (D:1)
  2 rats (D:1)
21 creatures vanquished.

Notes
Turn   | Place    | Note
-------+----------+-------------------------------------------
     0 | D:1      | Dirtsage the Octopode Shapeshifter began the quest for the
                  | Orb.
     0 | D:1      | Reached XP level 1. HP: 13/13 MP: 1/1
   123 | D:1      | Reached XP level 2. HP: 18/18 MP: 2/2
   670 | D:2      | Reached skill level 4 in Unarmed Combat
   709 | D:2      | Slain by a worm

Illustrated notes

Levels and vault maps discovered:
D:1:      mrwooster_arrival_arrow, layout_basic, minmay_ruptured
D:2:      layout_loops_corners, uniq_sigmund

Skill      XL: |  1  2 |
---------------+-------+-----
Unarmed Combat | 4 |  4.0
Fighting       | |  1.0
Dodging        | |  2.0
Shapeshifting  | |  3.0

Action                     || total
---------------------------++-------
  Melee: Unarmed           ||    41
         Constrict         ||    13
         Tentacles         ||     7
   Stab: Sleeping          ||     4
 Armour: Skin              ||    15
  Dodge: Dodged            ||    18

Table legend: (Time is in decaauts)
 A = Elapsed time spent in this place.
 B = Non-inter-level travel time spent in this place.
 C = Inter-level travel time spent in this place.
 D = Time resting spent in this place.
 E = Time spent auto-exploring this place.
 F = Levels seen in this place.
 G = Mean time per level.
                   A        B        C        D        E       F      G
               +--------+--------+--------+--------+--------+-----+--------+
         Total |    705 |    693 |     12 |      0 |    574 |   2 |  352.5 |
       Dungeon |    705 |    693 |     12 |      0 |    574 |   2 |  352.5 |
               +--------+--------+--------+--------+--------+-----+--------+

Top non-repeatable levels by time:
     D:1: 638 daAuts
     D:2: 66 daAuts
